 Dungeon Crawl Stone Soup version 0.23-a0-261-g133332c (console) character file.

74 nht the Bolt Thrower (level 4, -7/26 HPs)
             Began as a Kobold Hunter on Sept 29, 2018.
             Killed by divine providence
             ... invoked by an orc priest
              (11 damage)
             ... on level 2 of the Dungeon.
             The game lasted 00:01:10 (731 turns).

nht the Bolt Thrower (Kobold Hunter)                 Turns: 731, Time: 00:01:11

Health: -7/26      AC:  3    Str: 10    XL:     4   Next: 54%
Magic:  4/4        EV: 14    Int: 12    God:
Gold:   56         SH:  0    Dex: 15    Spells: 3/3 levels left

rFire    . . .     SeeInvis .   b - +0 short sword
rCold    . . .     Gourm    .   (shield restricted)
rNeg     . . .     Faith    .   c - +0 leather armour
rPois    .         Spirit   .   (no helmet)
rElec    .         Reflect  .   (no cloak)
rCorr    .         Harm     .   (no gloves)
MR       .....                  (no boots)
Stlth    ++........             (no amulet)
HPRegen  0.08/turn              (no ring)
MPRegen  0.09/turn              (no ring)

@: no status effects
A: small, carnivore
a: no special abilities


You were on level 2 of the Dungeon.
You were completely stuffed.

You visited 1 branch of the dungeon, and saw 2 of its levels.

You collected 56 gold pieces.

Inventory:

Hand Weapons
 a - a +1 hand crossbow
 b - a +0 short sword (weapon)
Missiles
 d - 10 bolts
Armour
 c - a +0 leather armour (worn)
Scrolls
 e - a scroll of identify {unknown}
 h - a scroll of noise
Comestibles
 f - 2 rations
 g - 12 chunks of flesh


   Skills:
 - Level 2.1 Fighting
 + Level 6.8 Crossbows
 - Level 2.4 Dodging
 - Level 1.3 Stealth


You had 3 spell levels left.
You didn't know any spells.
Your spell library was empty.

Dungeon Overview and Level Annotations

Branches:
Dungeon (2/15)

Altars:
Okawaru


Innate Abilities, Weirdness & Mutations

You are small and have problems with some larger weapons.
You are carnivorous and can eat meat at any time.


Message History

An orc priest comes into view. It is wielding a hand axe.
A hobgoblin comes into view. It is wielding a club.
The orc shouts!
The orc priest shouts!
The hobgoblin shouts!
You hit the kobold but do no damage. The kobold completely misses you.
You hit the orc priest but do no damage.
The bat closely misses you.
The orc priest calls down the wrath of Beogh upon you.
Beogh smites you!
* * * LOW HITPOINT WARNING * * *
The kobold hits you but does no damage.
The orc priest begins to cast a cantrip, but forgets the words!
Enter note: wtf You aren't carrying any potions.
As you read the scroll labeled SOUZOA ANOAJAK, it crumbles to dust.
You hear a loud clanging noise!
It was a scroll of noise.
The bat hits you.
* * * LOW HITPOINT WARNING * * *
The orc priest calls down the wrath of Beogh upon you.
Beogh smites you!
You die... █████████

█.......█
█.....!.█ ......█
█...█ ██.
█...████
█....█.b....█
.._o.oo@....█████
....██K█....█...█
... █g█......█.██
██ █.████..██..█
█ .. █....█.██.█
██ ██.█......█
█.██).█..█
█.███.█ . █.█ █.█


You could see 2 orc priests, an orc, a hobgoblin, a bat and a kobold.

Vanquished Creatures
  3 adders (D:2)
  An ooze (D:1)
  A leopard gecko (D:1)
  4 giant cockroaches (D:1)
  5 goblins (D:1)
  4 hobgoblins (D:2)
  6 jackals
  6 kobolds
  2 bats (D:1)
  3 frilled lizards (D:1)
  3 rats (D:1)
38 creatures vanquished.

Notes
Turn   | Place    | Note
-------+----------+-------------------------------------------
     0 | D:1      | nht the Kobold Hunter began the quest for the Orb.
     0 | D:1      | Reached XP level 1. HP: 12/12 MP: 1/1
    47 | D:1      | Reached skill level 5 in Crossbows
   101 | D:1      | Reached XP level 2. HP: 15/17 MP: 2/2
   213 | D:1      | Reached XP level 3. HP: 21/21 MP: 3/3
   325 | D:1      | Reached skill level 6 in Crossbows
   608 | D:2      | Reached XP level 4. HP: 26/26 MP: 4/4
   725 | D:2      | Found an iron altar of Okawaru.
   731 | D:2      | wtf
   731 | D:2      | Killed from afar by an orc priest

Vault maps used:
D:1:      lightli_iron_boxes
D:2:      lemuel_doored_altar, nicolae_overflow_crystal_walls, first_ration,
          uniq_crazy_yiuf_cottage

Skill      XL: |  1  2  3 |
---------------+----------+-----
Crossbows      | 5 6 |  6.8
Fighting       | |  2.1
Dodging        | |  2.4
Stealth        | |  1.3

Action                   |  1- 3 |  4- 6 || total
-------------------------+-------+-------++-------
Melee: Short sword       |       |    31 ||    31
 Fire: Hand crossbow     |    65 |    11 ||    76
  Use: Scroll            |       |     1 ||     1
  Eat: Chunk             |     7 |     1 ||     8
Armor: Leather armour    |     2 |     5 ||     7
Dodge: Dodged            |     7 |    37 ||    44

Table legend:
 A = Non-vault XP
 B = Vault XP
 C = Vault XP percentage of total XP
 D = Non-vault monster count
 E = Vault monster count
 F = Vault count percentage of total count
                 A         B        C        D         E       F
            +---------+---------+-------+---------+---------+-------
      Total |     107 |       0 |   0.0 |      38 |       0 |   0.0
            +---------+---------+-------+---------+---------+-------
        D:1 |      48 |       0 |   0.0 |      26 |       0 |   0.0
        D:2 |      59 |       0 |   0.0 |      12 |       0 |   0.0
            +---------+---------+-------+---------+---------+-------
